 Dungeon Sprint DCSS version 0.21-a0-521-g1cd18d1 (webtiles) character file.

22372 luca467 the Bludgeoner (level 12, 108/108 HPs)
             Began as a Demonspawn Gladiator on Sept 23, 2015.
             Was the Champion of Okawaru.
             Quit the game in the Dungeon (Sprint IX: "|||||||||||||||||||||||||||||") on Dec 5, 2017.
             The game lasted 00:29:31 (1797 turns).

luca467 the Bludgeoner (Demonspawn Gladiator)       Turns: 1797, Time: 00:29:32

Health: 108/108    AC: 16    Str: 20    XL:     12   Next: 62%
Magic:  18/18      EV: 24    Int:  9    God:    Okawaru [******]
Gold:   830        SH:  0    Dex: 18    Spells: 11/11 levels left

rFire    + . .     SeeInvis +   t - +2 morningstar (protect)
rCold    . . .     Gourm    .   (no shield)
rNeg     . . .     Faith    .   w - +1 ring mail of the Depths {MR- Regen+ SInv}
rPois    +         Spirit   .   (no helmet)
rElec    .         Reflect  .   I - +0 cloak of Koycoi Etigh {rPois rCorr Str+3 Stlth-}
rCorr    +         Harm     .   s - +0 pair of gloves
MR       .....     NoTele   +   (no boots)
Stlth    +.........             (no amulet)
HPRegen  0.68/turn              q - +2 ring of evasion
MPRegen  0.16/turn              J - ring of protection from fire

@: no status effects
A: talons 1, iridescent scales 2, powered by death 3
a: Heroism, Finesse, Renounce Religion


You were in the Dungeon.
You worshipped Okawaru.
Okawaru was exalted by your worship.
You were not hungry.

You visited 1 branch You collected 1948 gold pieces.
You spent 1118 gold pieces at shops.

Inventory:

Hand Weapons
 a - a +0 flail
 g - the +2 rapier "Zeppum" {elec, MR+, unknown}
   (Okawaru gifted it to you in the Dungeon)

   Occasionally, upon striking a foe, it will discharge some electrical energy
   and cause terrible harm.
   It affects your resistance to hostile enchantments.
 t - a +2 morningstar of protection (weapon)
Missiles
 d - 3 throwing nets
 A - 8 javelins of penetration (quivered)
 B - 5 needles of paralysis
 C - 8 tomahawks of dispersal
 G - 5 javelins
Armour
 b - a +0 leather armour
 c - a +1 helmet
 p - a +1 chain mail of cold resistance
 s - a +0 pair of gloves (worn)
 u - a +0 pair of boots
 w - the +1 ring mail of the Depths (worn) {MR- Regen+ SInv}
   (You found it in the Dungeon)

   It affects your resistance to hostile enchantments.
   It lets you see invisible.
   It increases your rate of regeneration.
 F - a +0 cloak
 H - a +2 cloak of invisibility
 I - the +0 cloak of Koycoi Etigh (worn) {rPois rCorr Str+3 Stlth-}
   (Okawaru gifted it to you in the Dungeon)

   It affects your strength (+3).
   It protects you from poison.
   It protects you from acid and corrosion.
   It makes you less stealthy.
 M - the +5 chain mail of the Trout {rC+ Regen+ Str+5 Dex-5}
   (You bought it in a shop in the Dungeon)

   It affects your strength (+5).
   It affects your dexterity (-5).
   It protects you from cold.
   It increases your rate of regeneration.
 N - a +1 large shield
 O - +0 acid dragon scales
 P - +0 swamp dragon scales
 Q - +1 fire dragon scales
Jewellery
 q - a +2 ring of evasion (left hand)
 r - a +3 ring of intelligence
 J - a ring of protection from fire (right hand)
 L - an uncursed ring of ice
Wands
 o - a wand of removedness (7)
Scrolls
 k - 3 scrolls of blinking
 m - 6 scrolls of remove curse
 n - 2 scrolls of amnesia
 x - 2 scrolls of fear
 y - 3 scrolls of fog
 z - 2 scrolls of removedness
Potions
 f - a potion of invisibility
 h - 2 potions of haste
 i - 4 potions of magic
 j - 3 potions of brilliance
 l - 6 potions of curing
 v - a potion of berserk rage
 K - a potion of heal wounds
Comestibles
 e - 13 bread rations
 D - 43 fruits
 E - 12 meat rations
 R - 3 chunks of flesh


   Skills:
 + Level 14.5 Fighting
 - Level 17.0 Maces & Flails
 + Level 6.5 Throwing
 + Level 12.9 Armour
 + Level 14.3 Dodging
 - Level 2.2 Stealth
 + Level 8.4 Invocations


You had 11 spell levels left.
You didn't know any spells.

Dungeon Overview and Level Annotations

Branches:
Dungeon (1/1)

Altars:
Cheibriados
Dithmenos
Elyvilon
Fedhas
Gozag
Kikubaaqudgha
Makhleb
Nemelex Xobeh
Okawaru
Qazlal
Ru
Sif Muna
Trog
Vehumet
Xom
Yredelemnul
Zin
The Shining One
Beogh
Jiyva
Lugonu

Shops:
D :*![


Innate Abilities, Weirdness & Mutations

You have sharp toenails.
You are mostly covered in iridescent scales. (AC +4)
You regenerate a lot of health from kills.


Message History

The horns on your head shrink away.
You feel less regenerative.
Things that are here:
a long sword; a robe
Items here: )))) [[[ †† Butcher an ettin corpse? [(y)es/(c)hop/(n)o/(a)ll/(q)uit/?]
Butcher a tengu corpse? [(y)es/(c)hop/(n)o/(a)ll/(q)uit/?]
You butcher the ettin corpse.
You butcher the tengu corpse.
R - 2 chunks of flesh;
R - 4 chunks of flesh (gained 2)
Items here: )))) [[[ ÷÷ Eat one of 4 chunks of flesh? (ye/n/q/i?) This raw flesh tastes terrible.
You continue eating.
Things that are here:
a long sword; a robe Welcome back, luca467 the Demonspawn Gladiator.
Okawaru says: Bring me glory in combat!
Press ? for a list of commands and other information.
Are you sure you want to abandon this character and quit the game? (Confirm with "yes".)

▓'▓.▓.▓.▓.▓.▓|▓
▓[▓.▓)▓.▓.▓.▓)▓
▓[▓.▓.▓.▓.▓.▓.▓
▓[▓.▓.▓.▓.▓.▓.▓
▓.▓.▓∩▓.▓.▓.▓.▓
▓.▓.▓.▓.▓.▓.▓.▓
▓.▓.▓∩▓.▓.▓.▓≈▓
▓.▓.▓)▓.▓.▓.▓†▓
▓@▓.▓∩▓.▓.▓.▓.▓
▓.▓.▓)▓.▓.▓.▓.▓
▓.▓.▓∩▓.▓)▓.▓.▓
▓.▓.▓.▓.▓.▓.▓.▓
▓.▓.▓.▓.▓'▓.▓.▓
▓.▓.▓.▓.▓.▓.▓†▓
▓.▓.▓.▓.▓.▓.▓†▓
▓.▓.▓.▓.▓.▓.▓.▓
▓+▓.▓'▓.▓[▓.▓.▓


There were no monsters in sight!

Vanquished Creatures
  An ettin (D)
  A rakshasa (D)
  An ogre mage (D)
  An ice dragon (D)
  2 hydras (D)
  A centaur warrior (D)
  A tengu warrior (D)
  10 orc high priests (D)
  A deep troll shaman (D)
  Urug (D)
  A deep troll earth mage (D)
  5 orc knights (D)
  2 removed
  MONS_GRIFFONs (D)
  2 ugly things (D)
  2 black mambas (D)
  2 spiny frogs (D)
  2 komodo dragons (D)
  2 polar bears (D)
  A basilisk (D)
  2 hippogriffs (D)
  3 yaks (D)
  10 orc warriors (D)
  An ice beast (D)
  6 black bears (D)
  A sky beast (D)
  A removed MONS_WASP (D)
  2 water moccasins (D)
  An ogre (D)
  2 crocodiles (D)
  3 bullfrogs (D)
  A scorpion (D)
  2 crimson imps (D)
  A quasit (D)
  2 iguanas (D)
  A hound (D)
  2 orc wizards (D)
  A worker ant (D)
  4 orc priests (D)
  An ooze (D)
  A worm (D)
  A leopard gecko (D)
  8 orcs (D)
  3 hobgoblins (D)
  A jackal skeleton (D)
  A jackal zombie (D)
  A kobold (D)
102 creatures vanquished.

Notes
Turn   | Place    | Note
-------+----------+-------------------------------------------
     0 | D        | luca467 the Demonspawn Gladiator began the quest for the Orb.
     0 | D        | Reached XP level 1. HP: 16/16 MP: 1/1
    15 | D        | Gained mutation: You have sharp toenails. [demonic ancestry]
    15 | D        | Reached XP level 2. HP: 14/23 MP: 2/2
   142 | D        | Noticed an iguana
   142 | D        | Noticed a hound
   142 | D        | Noticed an ogre
   148 | D        | Killed an iguana
   148 | D        | Reached skill level 4 in Maces & Flails
   148 | D        | Gained mutation: You are partially covered in iridescent scales. (AC +2) [demonic ancestry]
   148 | D        | Reached XP level 3. HP: 13/29 MP: 3/3
   162 | D        | Killed a hound
   162 | D        | Reached skill level 5 in Maces & Flails
   162 | D        | Reached skill level 1 in Armour
   173 | D        | Killed an ogre
   173 | D        | Reached skill level 6 in Maces & Flails
   173 | D        | Reached skill level 1 in Stealth
   173 | D        | Gained mutation: You regenerate a little health from kills. [demonic ancestry]
   173 | D        | Reached XP level 4. HP: 29/37 MP: 4/4
   173 | D        | Reached XP level 5. HP: 32/42 MP: 5/5
   191 | D        | Found a glowing silver altar of Zin.
   191 | D        | Found a glowing golden altar of the Shining One.
   191 | D        | Found an ancient bone altar of Kikubaaqudgha.
   191 | D        | Found a basalt altar of Yredelemnul.
   191 | D        | Found a shimmering altar of Xom.
   191 | D        | Found a radiant altar of Vehumet.
   192 | D        | Found an iron altar of Okawaru.
   193 | D        | Found a burning altar of Makhleb.
   194 | D        | Found a deep blue altar of Sif Muna.
   195 | D        | Found a bloodstained altar of Trog.
   196 | D        | Found a sparkling altar of Nemelex Xobeh.
   197 | D        | Found a white marble altar of Elyvilon.
   198 | D        | Found a roughly hewn altar of Beogh.
   199 | D        | Found a viscous altar of Jiyva.
   200 | D        | Found a corrupted altar of Lugonu.
   202 | D        | Became a worshipper of Warmaster Okawaru
   204 | D        | Found a blossoming altar of Fedhas.
   205 | D        | Found a snail-covered altar of Cheibriados.
   206 | D        | Found a shadowy altar of Dithmenos.
   207 | D        | Found a stormy altar of Qazlal.
   208 | D        | Found an opulent altar of Gozag.
   209 | D        | Found a sacrificial altar of Ru.
   271 | D        | Noticed a worker ant
   271 | D        | Noticed a crimson imp
   271 | D        | Noticed a scorpion
   271 | D        | Noticed a quasit
   271 | D        | Noticed a sky beast
   275 | D        | Killed a crimson imp
   286 | D        | Killed a worker ant
   291 | D        | Killed a scorpion
   291 | D        | Reached skill level 5 in Fighting
   291 | D        | Reached skill level 7 in Maces & Flails
   299 | D        | Killed a quasit
   299 | D        | Reached XP level 6. HP: 49/51 MP: 6/6
   325 | D        | Killed a sky beast
   325 | D        | Reached skill level 8 in Maces & Flails
   336 | D        | Noticed a crimson imp
   336 | D        | Noticed a wasp
   336 | D        | Noticed an ice beast
   336 | D        | Noticed a six-headed hydra
   336 | D        | Noticed a giant frog
   348 | D        | Killed a six-headed hydra
   348 | D        | Reached piety under Okawaru
   348 | D        | Reached skill level 10 in Maces & Flails
   348 | D        | Reached skill level 5 in Armour
   348 | D        | Reached XP level 7. HP: 57/61 MP: 7/7
   348 | D        | Gained mutation: You regenerate health from kills. [demonic ancestry]
   348 | D        | Reached XP level 8. HP: 63/68 MP: 8/8
   352 | D        | Killed a wasp
   354 | D        | Killed a crimson imp
   359 | D        | Killed an ice beast
   364 | D        | Killed a giant frog
   498 | D        | Got the cursed +1 ring mail of the Depths {MR- Regen+ SInv}
   522 | D        | Noticed a yak
   522 | D        | Noticed a water moccasin
   522 | D        | Noticed a hippogriff
   522 | D        | Noticed a spiny frog
   522 | D        | Noticed a yak
   522 | D        | Noticed a spiny frog
   526 | D        | Noticed a giant frog
   529 | D        | Killed a yak
   531 | D        | Noticed a black mamba
   535 | D        | Killed a water moccasin
   535 | D        | Reached skill level 11 in Maces & Flails
   540 | D        | Killed a hippogriff
   550 | D        | Killed a spiny frog
   550 | D        | Reached XP level 9. HP: 73/76 MP: 9/9
   552 | D        | Noticed a griffon
   557 | D        | Killed a yak
   557 | D        | Reached skill level 10 in Dodging
   561 | D        | Killed a spiny frog
   561 | D        | Reached skill level 12 in Maces & Flails
   566 | D        | Killed a giant frog
   573 | D        | Killed a black mamba
   580 | D        | Killed a griffon
   580 | D        | Reached skill level 10 in Fighting
   595 | D        | Noticed a hippogriff
   595 | D        | Noticed an iguana
   595 | D        | Noticed a five-headed hydra
   595 | D        | Noticed a water moccasin
   595 | D        | Noticed a yak
   595 | D        | Noticed a black mamba
   599 | D        | Killed a hippogriff
   602 | D        | Noticed a komodo dragon
   603 | D        | Noticed a komodo dragon
   607 | D        | Killed a five-headed hydra
   607 | D        | Reached skill level 13 in Maces & Flails
   607 | D        | Reached XP level 10. HP: 63/86 MP: 10/10
   610 | D        | Killed an iguana
   614 | D        | Noticed a crocodile
   617 | D        | Killed a water moccasin
   620 | D        | Killed a yak
   626 | D        | Killed a black mamba
   634 | D        | Killed a komodo dragon
   652 | D        | Killed a komodo dragon
   652 | D        | Received a gift from Okawaru
   657 | D        | Killed a crocodile
   677 | D        | Noticed a polar bear
   677 | D        | Noticed a polar bear
   677 | D        | Noticed a black bear
   677 | D        | Noticed a black bear
   677 | D        | Noticed a black bear
   677 | D        | Noticed a black bear
   683 | D        | Killed a polar bear
   683 | D        | Reached skill level 14 in Maces & Flails
   684 | D        | Noticed a black bear
   688 | D        | Noticed a black bear
   697 | D        | Killed a polar bear
   701 | D        | Killed a black bear
   701 | D        | Received a gift from Okawaru
   707 | D        | Killed a black bear
   713 | D        | Killed a black bear
   726 | D        | Killed a black bear
   730 | D        | Killed a black bear
   734 | D        | Killed a black bear
   798 | D        | Noticed Urug
   816 | D        | Killed Urug
   816 | D        | Reached **** piety under Okawaru
   871 | D        | Noticed an orc priest
   871 | D        | Noticed an orc warrior
   871 | D        | Noticed an orc priest
   878 | D        | Noticed an orc warrior
   887 | D        | Noticed an orc priest
   893 | D        | Killed an orc warrior
   895 | D        | Killed an orc priest
   902 | D        | Noticed an orc wizard
   902 | D        | Killed an orc warrior
   914 | D        | Noticed an orc wizard
   915 | D        | Killed an orc priest
   918 | D        | Killed an orc priest
   923 | D        | Killed an orc wizard
   925 | D        | Killed an orc wizard
   934 | D        | Noticed an orc warrior
   942 | D        | Killed an orc warrior
   988 | D        | Noticed an orc warrior
   988 | D        | Noticed an orc knight
   988 | D        | Noticed an orc warrior
   988 | D        | Noticed an orc warrior
   988 | D        | Noticed an orc warrior
   988 | D        | Noticed an orc priest
   999 | D        | Killed an orc knight
   999 | D        | Received a gift from Okawaru
   999 | D        | Reached skill level 10 in Armour
  1003 | D        | Killed an orc priest
  1004 | D        | Noticed an orc warrior
  1006 | D        | Killed an orc warrior
  1006 | D        | Killed an orc warrior
  1006 | D        | Gained mutation: You are mostly covered in iridescent scales. (AC +4) [demonic ancestry]
  1006 | D        | Reached XP level 11. HP: 80/95 MP: 13/13
  1007 | D        | Noticed an orc warrior
  1013 | D        | Killed an orc warrior
  1014 | D        | Killed an orc warrior
  1017 | D        | Killed an orc warrior
  1017 | D        | Reached skill level 15 in Maces & Flails
  1024 | D        | Killed an orc warrior
  1030 | D        | Noticed an orc high priest
  1046 | D        | Killed an orc high priest
  1080 | D        | Found Ynyduliz's Book Emporium.
  1080 | D        | Noticed an orc high priest
  1080 | D        | Noticed an orc high priest
  1080 | D        | Noticed an orc high priest
  1080 | D        | Noticed an orc high priest
  1080 | D        | Noticed an orc knight
  1082 | D        | Noticed an orc high priest
  1086 | D        | Noticed an orc knight
  1090 | D        | Killed an orc high priest
  1105 | D        | Killed an orc high priest
  1114 | D        | Noticed a sun demon
  1118 | D        | Killed an orc high priest
  1158 | D        | Killed an orc high priest
  1158 | D        | Received a gift from Okawaru
  1160 | D        | Got a bone rapier {god gift}
  1171 | D        | Killed an orc knight
  1171 | D        | Reached skill level 16 in Maces & Flails
  1188 | D        | Killed an orc high priest
  1206 | D        | Killed an orc knight
  1207 | D        | Found Beonkoco's General Store.
  1214 | D        | Found Dusaal's Distillery.
  1216 | D        | Noticed an orc high priest
  1217 | D        | Found Ysapn's Antique Armour Shoppe.
  1221 | D        | Noticed a soul eater
  1247 | D        | Killed a soul eater
  1252 | D        | Killed an orc high priest
  1306 | D        | Noticed an orc knight
  1308 | D        | Noticed an orc knight
  1309 | D        | Noticed an orc high priest
  1311 | D        | Noticed an orc high priest
  1318 | D        | Noticed an orc high priest
  1320 | D        | Killed an orc knight
  1320 | D        | Received a gift from Okawaru
  1333 | D        | Killed an orc knight
  1346 | D        | Killed an orc high priest
  1390 | D        | Killed an orc high priest
  1399 | D        | Killed an orc high priest
  1399 | D        | Reached skill level 17 in Maces & Flails
  1399 | D        | Gained mutation: You regenerate a lot of health from kills. [demonic ancestry]
  1399 | D        | Reached XP level 12. HP: 33/105 MP: 14/14
  1403 | D        | Got a dazzling cloak {god gift}
  1420 | D        | Bought a potion of curing for 33 gold pieces
  1420 | D        | Bought a potion of beneficial mutation for 385 gold pieces
  1420 | D        | Bought a potion of heal wounds for 55 gold pieces
  1424 | D        | Bought 3 fruits for 45 gold pieces
  1424 | D        | Bought a scroll of enchant armour for 75 gold pieces
  1424 | D        | Bought the +5 chain mail of the Trout {rC+ Regen+ Str+5 Dex-5} for 435 gold pieces
  1424 | D        | Bought a potion of curing for 30 gold pieces
  1424 | D        | Bought a scroll of remove curse for 30 gold pieces
  1424 | D        | Bought a scroll of remove curse for 30 gold pieces
  1442 | D        | Identified the +0 cloak of Koycoi Etigh {rPois rCorr Str+3 Stlth-} (Okawaru gifted it to you in the Dungeon)
  1448 | D        | Gained mutation: You have a pair of small horns on your head. [potion of beneficial mutation]
  1612 | D        | Noticed a giant frog
  1612 | D        | Noticed a griffon
  1612 | D        | Noticed a centaur warrior
  1612 | D        | Noticed a basilisk
  1612 | D        | Noticed an orc warrior
  1612 | D        | Noticed a white ugly thing
  1615 | D        | Killed a giant frog
  1616 | D        | Noticed a white ugly thing
  1621 | D        | Killed a griffon
  1622 | D        | Noticed a deep troll earth mage
  1625 | D        | Noticed a deep troll shaman
  1625 | D        | Killed a centaur warrior
  1630 | D        | Killed a green ugly thing
  1638 | D        | Killed a white ugly thing
  1638 | D        | Reached skill level 5 in Invocations
  1639 | D        | Noticed a crocodile
  1643 | D        | Killed a deep troll earth mage
  1652 | D        | Killed a deep troll shaman
  1652 | D        | Reached skill level 5 in Throwing
  1654 | D        | Noticed an ettin
  1658 | D        | Noticed an ice dragon
  1660 | D        | Noticed a rakshasa
  1662 | D        | Noticed an ogre mage
  1668 | D        | Killed an ettin
  1668 | D        | Received a gift from Okawaru
  1679 | D        | Noticed a tengu warrior
  1689 | D        | Killed a basilisk
  1698 | D        | Killed an orc warrior
  1716 | D        | Killed an ice dragon
  1719 | D        | Killed a crocodile
  1723 | D        | Killed an ogre mage
  1740 | D        | Killed a tengu warrior
  1752 | D        | Killed a rakshasa
  1763 | D        | Gained mutation: You are robust. (+10% HP) [mutagenic meat]
  1764 | D        | Gained mutation: You tend to lose your temper in combat. [mutagenic meat]
  1766 | D        | Lost mutation: You are robust. (+10% HP) [potion of cure mutation]
  1766 | D        | Lost mutation: You tend to lose your temper in combat. [potion of cure mutation]
  1766 | D        | Lost mutation: You have a pair of small horns on your head. [potion of cure mutation]
  1797 | D        | Upgraded the game from 0.17-a0-1887-g3e50df6 to 0.21-a0-521-g1cd18d1
  1797 | D        | Quit the game

Vault maps used:
D:        linesprint

Skill      XL: |  1  2  3  4  5  6  7  8  9 10 11 12 |
---------------+-------------------------------------+-----
Dodging        | 3 10 | 14.3
Maces & Flails | 4 6 7 10 11 13 14 17 | 17.0
Armour         | 1 5 10 | 12.9
Stealth        | 1 |  2.2
Fighting       | 5 10 | 14.5
Invocations    | 5 |  8.4
Throwing       | 5 |  6.5

Action                   |  1- 3 |  4- 6 |  7- 9 | 10-12 || total
-------------------------+-------+-------+-------+-------++-------
Melee: Flail             |    39 |    10 |       |       ||    49
       Morningstar       |       |    62 |    85 |   544 ||   691
Throw: Javelin           |       |       |       |    16 ||    16
  Use: Potion            |     2 |     2 |       |     8 ||    12
       Scroll            |       |       |     1 |     1 ||     2
 Stab: Sleeping          |     1 |       |       |       ||     1
  Eat: Chunk             |       |       |       |     9 ||     9

Table legend:
 A = Spawn XP
 B = Non-spawn XP
 C = Spawn XP percentage of total XP
 D = Spawn monster count
 E = Non-spawn monster count
 F = Spawn count percentage of total count
 G = Total turns spent on level
                    A         B        C        D         E        F      G
               +---------+---------+-------+---------+---------+-------+---------
         Total |       0 |       0 |   N/A |       0 |       0 |   N/A |     0
               +---------+---------+-------+---------+---------+-------+---------
               +---------+---------+-------+---------+---------+-------+---------
